[Event "Team 45 45 League T62"]
[Site "Internet Chess Club"]
[Date "2014.09.14"]
[Round "3"]
[White "tamky70"]
[Black "Gilguli"]
[Result "0-1"]
[WhiteElo "1394"]
[BlackElo "1341"]
[Opening "English: symmetrical variation"]
[ECO "A34"]
[Time "15:00:33"]
[TimeControl "2700+45"]

1. c4 c5 2. Nc3 b6 3. Nf3 Bb7 4. g3 Bxf3 5. exf3 g6 6. Bg2 Nc6 7. O-O Bg7 8. d3
Bxc3 9. bxc3 Nf6 10. Bb2 Qc7 11. d4 d6 12. f4 O-O-O 13. d5 Nb8 14. Bc1 Nbd7 15.
a4 Nf8 16. Qb3 Kd7 17. Qb5+ Kc8 18. a5 N8d7 19. axb6 Qxb6 20. Qa6+ Qxa6 21. Rxa6
Kb7 22. Ra1 Nb6 23. Rb1 Kc7 24. Re1 Rhe8 25. Bf1 a5 26. Bd2 Ra8 27. Be2 a4 28.
f3 Ra7 29. Bd3 a3 30. Ra1 Rea8 31. Rxe7+ Nfd7 32. Rxf7 Ra4 33. f5 Nxc4 34. Bxc4
Rxc4 35. fxg6 hxg6 36. Rg7 a2 37. Rxg6 Rca4 38. Bf4 Ne5 39. Bxe5 dxe5 40. Rc6+
Kd7 41. Rxc5 Rb8 42. Kg2 Rb1 43. Rxa2 Rxa2+ 44. Kh3 Rh1 45. Kg4 Rhxh2 46. c4 Ra7
47. f4 e4 48. Kf5 e3 49. Rb5 e2 50. Rb1 Rc7 51. Ke5 Rxc4 52. f5 Rb4 53. Re1 Rb2
54. f6 Rf2 55. Ra1 Rb7 56. Re1 Rb8 57. g4 Re8+ 58. Kd4 Rxf6 59. g5 Rf1 {White
resigns} 0-1

[Event "Team 45 45 League T62"]
[Site "Internet Chess Club"]
[Date "2014.09.13"]
[Round "3"]
[White "semperfi"]
[Black "QuimCatala"]
[Result "0-1"]
[WhiteElo "1383"]
[BlackElo "1435"]
[Opening "Queen's pawn game"]
[ECO "D00"]
[Time "13:00:19"]
[TimeControl "2700+45"]

1. d4 d5 2. e3 Nc6 3. Bd3 Nf6 4. f4 Bg4 5. Nf3 e6 6. O-O Ne4 7. Nbd2 f5 8. c3
Be7 9. Qb3 Rb8 10. Ne5 Nxe5 11. fxe5 a6 12. Nf3 O-O 13. Qc2 Bh4 14. Nxh4 Qxh4
15. g3 Qh5 16. Bxe4 fxe4 17. Rf2 Rxf2 18. Qxf2 Rf8 19. Qc2 Bh3 20. Bd2 Qf3
{White resigns} 0-1

[Event "Team 45 45 League T62"]
[Site "Internet Chess Club"]
[Date "2014.09.14"]
[Round "3"]
[White "Chess4Him"]
[Black "Tjet"]
[Result "0-1"]
[WhiteElo "1524"]
[BlackElo "1593"]
[Opening "Queen's Pawn"]
[ECO "A41"]
[Time "16:05:07"]
[TimeControl "2700+45"]

1. d4 d6 2. Bf4 g6 3. Nf3 Bg7 4. e3 Nf6 5. h3 O-O 6. Be2 b6 7. Nbd2 Bb7 8. O-O
Nbd7 9. c3 Re8 10. Bh2 e5 11. Qb3 exd4 12. cxd4 a6 13. Rfc1 Bd5 14. Bc4 Bxc4 15.
Rxc4 b5 16. Rc2 Nb6 17. Rac1 Re7 18. a3 Ra7 19. Qd3 d5 20. Ne5 Re6 21. Rc6 Nc4
22. Ndxc4 dxc4 23. Qe2 Qd5 24. Rxe6 Qxe6 25. Qf3 Nd5 26. e4 Bxe5 27. Bxe5 Ne7
28. Qf6 Qxf6 29. Bxf6 c6 30. Rc3 Rd7 31. Kf1 Nc8 32. Ke2 Nb6 33. b4 cxb3 34.
Rxb3 Nc4 35. Kd3 Rd6 36. e5 Rd5 37. a4 Rd7 38. axb5 axb5 39. Kc3 Ra7 40. g4 Nb6
41. Kb4 Ra4+ 42. Kc5 Nd7+ 43. Kxc6 Nxf6 44. exf6 Ra6+ 45. Kxb5 Rxf6 46. f3 h5
47. d5 hxg4 48. fxg4 Rf1 49. Kc6 Kf8 50. Re3 Rc1+ 51. Kd7 Ra1 52. Rc3 Ra7+ 53.
Rc7 Ra1 54. Rc8+ Kg7 55. d6 Kf6 56. Re8 Ra7+ 57. Kc8 Ra8+ 58. Kd7 Ra7+ 59. Kc6
Ra6+ 60. Kd5 Ra5+ 61. Kc4 Ra4+ 62. Kb5 Rd4 63. Kc5 Rd1 64. Re4 Rc1+ 65. Kd5 Rd1+
66. Rd4 Ra1 67. Rf4+ Kg7 68. Rc4 Ra5+ 69. Rc5 Ra1 70. d7 Rd1+ 71. Kc6 Kf8 72.
Kc7 Ke7 73. Re5+ Kf6 74. Re7 Kxe7 {White resigns} 0-1

[Event "Team 45 45 League T62"]
[Site "Internet Chess Club"]
[Date "2014.09.14"]
[Round "3"]
[White "chessman64"]
[Black "okieman888"]
[Result "0-1"]
[WhiteElo "1409"]
[BlackElo "1529"]
[Opening "Queen's pawn game"]
[ECO "D00"]
[Time "14:02:07"]
[TimeControl "2700+45"]

1. d4 d5 2. g3 Nf6 3. Bg2 c6 4. Nf3 Bf5 5. Nh4 Be6 6. Nc3 g6 7. b3 Bg7 8. O-O
O-O 9. Bf4 Na6 10. Be5 Qb6 11. Na4 Qa5 12. c3 b5 13. b4 Qxa4 14. Qxa4 bxa4 15.
a3 Ne4 16. Bxg7 Kxg7 17. Bxe4 dxe4 18. Ng2 Nc7 19. Rfc1 Nb5 20. e3 Bc4 21. Nf4
g5 22. Nh3 f6 23. Kg2 g4 24. Ng1 a5 25. h3 h5 26. h4 Rfd8 27. Rc2 e5 28. Rcc1
exd4 29. exd4 axb4 30. axb4 a3 31. Rc2 a2 32. Ne2 Bxe2 33. Rxe2 Nxc3 34. Rc2 Ra3
35. Rxc3 Rxc3 36. Rxa2 Rxd4 37. Ra7+ Kg6 38. Ra4 Rcc4 39. Ra6 Rxb4 40. Rxc6 Rbc4
41. Re6 Rc2 42. Re8 Rc1 43. Rg8+ Kf5 {White resigns} 0-1

[Event "Team 45 45 League T62"]
[Site "Internet Chess Club"]
[Date "2014.09.13"]
[Round "3"]
[White "stantheman59"]
[Black "dabodhi"]
[Result "1/2-1/2"]
[WhiteElo "1212"]
[BlackElo "1304"]
[Opening "Four knights: Italian variation"]
[ECO "C47"]
[Time "19:02:07"]
[TimeControl "2700+45"]

1. e4 e5 2. Nf3 Nf6 3. Nc3 Nc6 4. Bc4 Bb4 5. a3 Bxc3 6. dxc3 O-O 7. O-O h6 8.
Re1 d6 9. h3 Be6 10. Nd2 d5 11. exd5 Bxd5 12. Bxd5 Qxd5 13. Ne4 Qe6 14. Nc5 Qc8
15. Re3 b6 16. Nb3 Re8 17. Rg3 Kh7 18. Qf3 e4 19. Qe3 Qf5 20. c4 Rad8 21. Bd2
Nh5 22. Rg4 Ne5 23. Qxe4 Qxe4 24. Rxe4 Nf6 25. Rf4 c5 26. a4 Nc6 27. Bc3 Re6 28.
Kh2 Rdd6 29. Re1 Rxe1 30. Bxe1 Nd4 31. Bc3 Ne2 32. Rf3 Nxc3 33. Rxc3 Ne4 34. Rf3
f6 35. a5 Nd2 36. Nxd2 Rxd2 37. Rd3 Rxc2 38. Rd7 Rxb2 39. a6 Rxf2 40. Rxa7 Ra2
41. Kg3 Ra3+ 42. Kf4 Kg6 43. Ke4 Ra4 44. Kd5 h5 45. Kc6 Rxc4 46. Rb7 Ra4 47.
Rxb6 c4 48. Kb7 c3 49. a7 c2 50. Rc6 Rb4+ 51. Kc7 Ra4 52. Kb6 Rb4+ 53. Ka5 Rb2
54. Ka6 Ra2+ {Game drawn by mutual agreement} 1/2-1/2

[Event "Team 45 45 League T62"]
[Site "Internet Chess Club"]
[Date "2014.09.11"]
[Round "3"]
[White "KingOfClubs"]
[Black "wildangels"]
[Result "1-0"]
[WhiteElo "1314"]
[BlackElo "1025"]
[Opening "Sicilian: accelerated fianchetto, modern variation"]
[ECO "B34"]
[Time "10:00:13"]
[TimeControl "2700+45"]

1. e4 c5 2. Nf3 Nc6 3. d4 cxd4 4. Nxd4 g6 5. Nc3 Bg7 6. Be3 e5 7. Nxc6 bxc6 8.
Bc4 Nh6 9. h3 d6 10. Qd2 Be6 11. Bxe6 fxe6 12. Bxh6 Bxh6 13. Qxh6 Qb6 14. Qc1
Qd4 15. O-O d5 16. Rd1 Qc4 17. exd5 exd5 18. Qg5 O-O 19. Rf1 d4 20. Ne4 Qxc2 21.
Nf6+ Kg7 22. Ng4 Rf5 23. Qe7+ Rf7 24. Qxe5+ Kg8 25. Nh6+ Kf8 26. Nxf7 Kxf7 27.
Qxd4 a5 28. Qc3 Qe4 29. Rae1 Qd5 30. Qf3+ Qxf3 31. gxf3 a4 32. Re3 Rb8 33. Rb1
c5 34. a3 c4 35. Rc3 Rc8 36. Rbc1 Rc5 37. Rxc4 Rd5 38. Rxa4 Rd3 39. Kg2 h5 40.
Ra7+ Kf6 41. b4 h4 42. Rc6+ Kg5 43. Ra5+ Kh6 44. Rcc5 Rd8 45. b5 Rg8 46. Ra6 Rg7
47. a4 Rb7 48. b6 Rxb6 49. Rxb6 Kg7 50. Rg5 Kh6 51. Rgxg6+ Kh5 52. Rh6+ Kg5 53.
Rbg6+ Kf4 54. Rxh4+ Kf5 55. Rgg4 Ke6 56. Rh5 Kf6 57. a5 Ke6 58. Rg6+ Kd7 59.
Rh7+ Kc8 60. Rg8# {Black checkmated} 1-0

[Event "Team 45 45 League T62"]
[Site "Internet Chess Club"]
[Date "2014.09.10"]
[Round "3"]
[White "BrerRabbit"]
[Black "GideonL"]
[Result "1/2-1/2"]
[WhiteElo "1478"]
[BlackElo "1377"]
[Opening "Queen's Pawn"]
[ECO "B07"]
[Time "19:01:55"]
[TimeControl "2700+45"]

1. d4 d6 2. e4 Nd7 3. Nd2 e5 4. c3 exd4 5. cxd4 Nb6 6. Ngf3 Nf6 7. Bd3 Bg4 8. h3
Bxf3 9. Nxf3 Be7 10. O-O O-O 11. Bf4 Qd7 12. Rc1 Rac8 13. Qb3 Qa4 14. Qxa4 Nxa4
15. b3 Nb6 16. Rc2 Rfd8 17. d5 a6 18. Rfc1 Rd7 19. Be3 Na8 20. Rc4 g6 21. R4c2
Bf8 22. b4 Re7 23. Nd2 Bg7 24. Bg5 h6 25. Be3 Rce8 26. Bd4 h5 27. Bb2 Nh7 28.
Bxg7 Kxg7 29. f3 f6 30. Nb3 Re5 31. Na5 Rb8 32. a3 g5 33. Nb3 Rbe8 34. Nd4 Nf8
35. Kf2 Kh8 36. Nf5 Ng6 37. g3 Kh7 38. Nd4 Nf8 39. Nb3 Ng6 {Game drawn by mutual
agreement} 1/2-1/2

[Event "Team 45 45 League T62"]
[Site "Internet Chess Club"]
[Date "2014.09.15"]
[Round "3"]
[White "sdcohle"]
[Black "Danny-ONeil"]
[Result "0-1"]
[WhiteElo "1357"]
[BlackElo "1309"]
[Opening "QGD semi-Slav: neo-Meran (Lundin variation)"]
[ECO "D47"]
[Time "21:31:42"]
[TimeControl "2700+45"]

1. d4 d5 2. c4 c6 3. Nf3 Nf6 4. e3 e6 5. Nc3 Nbd7 6. Bd3 dxc4 7. Bxc4 b5 8. Bd3
b4 9. Ne4 Be7 10. O-O O-O 11. Qc2 Bb7 12. b3 Nxe4 13. Bxe4 Nf6 14. Bb2 Nxe4 15.
Qxe4 Rb8 16. Qc2 Rc8 17. Rfd1 a5 18. e4 f6 19. Qe2 Qc7 20. Rac1 Rfd8 21. e5 f5
22. Qc4 Rd5 23. Qe2 c5 24. Rd2 Qc6 25. Rdc2 Ba6 26. Qe3 a4 27. bxa4 Qxa4 28. Qb3
Qd7 29. Qe3 c4 30. Ba1 Qb5 31. Nd2 b3 32. axb3 c3 33. Rxc3 Rxc3 34. Qxc3 Bg5 35.
Rd1 Rd8 36. Qb2 Qe2 37. Qc1 Rc8 38. Qb1 Bxd2 39. Bb2 Bc3 40. Rc1 Bxb2 41. Rxc8+
Bxc8 42. h3 Bxd4 43. Qc1 Qxf2+ 44. Kh1 Bd7 45. Qd1 h6 46. b4 Bc6 47. Qxd4 Qxg2#
{White checkmated} 0-1

[Event "Team 45 45 League T62"]
[Site "Internet Chess Club"]
[Date "2014.09.13"]
[Round "3"]
[White "PsyMar"]
[Black "Toalla"]
[Result "1-0"]
[WhiteElo "1342"]
[BlackElo "1337"]
[Opening "Sicilian defense"]
[ECO "B33"]
[Time "12:02:50"]
[TimeControl "2700+45"]

1. e4 c5 2. Nf3 Nc6 3. d4 cxd4 4. Nxd4 Nf6 5. Nxc6 bxc6 6. Nc3 e5 7. Bc4 Bb4 8.
O-O Bxc3 9. bxc3 O-O 10. f3 d5 11. exd5 cxd5 12. Bb3 h6 13. Qe1 Qc7 14. Bd2 Re8
15. Qg3 Qb6+ 16. Kh1 Nh5 17. Qh4 Qg6 18. Bxd5 Rb8 19. Be4 f5 20. Bd3 Qf7 21. Bc4
Be6 22. Bb3 g5 23. Qf2 Qg7 24. Rfb1 Bxb3 25. axb3 Rb7 26. c4 f4 27. Bc3 Ree7 28.
Rd1 Kh7 29. Ra5 Re6 30. Re1 Rbe7 31. Qe2 Qg6 32. Qe4 Qxe4 33. Rxe4 {Black
resigns} 1-0

[Event "Team 45 45 League T62"]
[Site "Internet Chess Club"]
[Date "2014.09.16"]
[Round "3"]
[White "ethan0627"]
[Black "SALJOMA"]
[Result "0-1"]
[WhiteElo "1396"]
[BlackElo "1432"]
[Opening "Sicilian: Canal-Sokolsky attack, 3...Bd7"]
[ECO "B52"]
[Time "20:00:57"]
[TimeControl "2700+45"]

1. e4 c5 2. Nf3 d6 3. Bb5+ Bd7 4. Bxd7+ Nxd7 5. O-O Ngf6 6. Nc3 e6 7. Re1 Be7 8.
d4 cxd4 9. Nxd4 O-O 10. Ndb5 Nb6 11. Bf4 e5 12. Be3 a6 13. Na3 Rc8 14. Qf3 Nc4
15. Nxc4 Rxc4 16. Rad1 h6 17. Bd2 Qd7 18. Qg3 Kh8 19. Qd3 Rfc8 20. Rc1 b5 21.
Nd5 Nxd5 22. exd5 Rd4 23. Qe3 Rxd5 24. Bc3 Bg5 25. Qf3 Qe6 26. Rcd1 Rdc5 27. Qd3
R5c6 28. g3 Qxa2 29. b3 Rxc3 30. Qxd6 Bf6 31. Qd7 R3c7 32. Qd6 Rxc2 33. Ra1 Qb2
34. Qxa6 Rd8 35. Qa7 Kg8 36. Rab1 Qd4 37. Qxd4 Rxd4 38. Ra1 Rdd2 39. Rf1 e4 40.
Rae1 Bd4 41. Rxe4 Bxf2+ 42. Kh1 Bxg3 43. Rf2 Rxf2 44. Re1 Rxh2+ 45. Kg1 Rcg2+
46. Kf1 Bxe1 47. b4 Rf2+ 48. Kg1 Ra2 49. Kf1 Bxb4 50. Kg1 Rhb2 51. Kf1 Rb1#
{White checkmated} 0-1

[Event "Team 45 45 League T62"]
[Site "Internet Chess Club"]
[Date "2014.09.11"]
[Round "3"]
[White "drsigmund1"]
[Black "Elton2013"]
[Result "1-0"]
[WhiteElo "1598"]
[BlackElo "1537"]
[Opening "Queen's pawn game"]
[ECO "A46"]
[Time "20:00:32"]
[TimeControl "2700+45"]

1. d4 Nf6 2. Nf3 c5 3. c3 d6 4. Bf4 g6 5. e3 Bg7 6. Be2 O-O 7. O-O Bf5 8. Nbd2
Nc6 9. a4 Qb6 10. Nc4 Qd8 11. Re1 Na5 12. h3 a6 13. Bf1 Rc8 14. Nfd2 cxd4 15.
exd4 Nxc4 16. Nxc4 Nd5 17. Bh2 b5 18. axb5 axb5 19. Ne3 Nxe3 20. fxe3 Qb6 21.
Qb3 Rb8 22. Kh1 b4 23. c4 Rb7 24. Ra4 Bd7 25. Ra2 Be6 26. Rea1 Qc7 27. Rc1 Qb6
28. Rca1 Qc7 29. Ra4 Rfb8 30. Rc1 Qd7 31. d5 Bf5 32. c5 Qc7 33. Rc4 Be5 34. cxd6
Qxd6 35. Rc6 Qd7 36. Bxe5 Rd8 37. Rc5 Be4 38. Rxb4 Rxb4 39. Qxb4 Qxh3+ 40. Bh2
Qxe3 41. Qc3 Qf2 42. Qc1 Bxd5 43. Rc8 Rxc8 44. Qxc8+ Kg7 45. Qc3+ f6 46. Qd3 e6
47. b4 h5 48. b5 h4 49. Bg1 Qf4 50. b6 h3 51. b7 Qxf1 52. Qxf1 hxg2+ 53. Qxg2
Bxg2+ 54. Kxg2 {Black resigns} 1-0

[Event "Team 45 45 League T62"]
[Site "Internet Chess Club"]
[Date "2014.09.14"]
[Round "3"]
[White "Jet1234"]
[Black "JOFRAN"]
[Result "0-1"]
[WhiteElo "1381"]
[BlackElo "1383"]
[Opening "Caro-Kann: advance variation"]
[ECO "B12"]
[Time "18:04:43"]
[TimeControl "2700+45"]

1. e4 c6 2. d4 d5 3. e5 Bf5 4. c3 e6 5. Nf3 Nd7 6. Be2 Ne7 7. O-O Ng6 8. Re1 Be7
9. Nbd2 O-O 10. Nf1 Qb6 11. Ng3 Bg4 12. h3 Bxf3 13. Bxf3 Rab8 14. Be2 Bh4 15.
Nh5 Qd8 16. Bd3 Bg5 17. Qg4 Bxc1 18. Raxc1 Qe7 19. Re3 b5 20. Rg3 c5 21. Nf4
Rfc8 22. Bxg6 hxg6 23. Rd1 cxd4 24. Nh5 dxc3 25. bxc3 Rc4 26. Rd4 Rbc8 27. Nf4
Rxc3 28. Rxc3 Rxc3 29. Nxg6 fxg6 30. Qxg6 Nxe5 31. Qh5 Nc4 32. Rh4 Nd6 33. Qh8+
Kf7 34. Rf4+ Nf5 35. g4 Qg5 36. Rb4 a6 37. Kf1 Ne7 38. Qa8 Rxh3 39. Qxa6 Qc1+
40. Ke2 Qc2+ 41. Kf1 Qd1+ 42. Kg2 Qh1# {White checkmated} 0-1

[Event "Team 45 45 League T62"]
[Site "Internet Chess Club"]
[Date "2014.09.12"]
[Round "3"]
[White "smsxman"]
[Black "Bizzy-Ketty"]
[Result "1-0"]
[WhiteElo "1372"]
[BlackElo "1515"]
[Opening "Sicilian: Nimzovich-Rossolimo attack (without ...d6)"]
[ECO "B30"]
[Time "20:00:29"]
[TimeControl "2700+45"]

1. e4 c5 2. Nf3 Nc6 3. Bb5 Nf6 4. Nc3 d6 5. O-O Qc7 6. d4 a6 7. e5 Nd7 8. exd6
Qxd6 9. Bxc6 Qxc6 10. d5 Qb6 11. Na4 Qd8 12. Be3 b6 13. Nc3 Bb7 14. Re1 Nf6 15.
d6 e6 16. Bf4 h6 17. Bg3 Rc8 18. Qd3 c4 19. Qd2 Bxf3 20. gxf3 Qd7 21. Rad1 Rd8
22. Qd4 Qc6 23. Ne4 Nxe4 24. fxe4 Qb7 25. Qxc4 a5 26. e5 h5 27. Bh4 Rd7 28. Bg3
Rh6 29. Re3 Rg6 30. h4 Rg4 31. Rd4 Rg6 32. Kh2 Qa8 33. Rc3 Rd8 34. Qb5+ Rd7 35.
Rdc4 Qd8 36. Rc8 f6 37. Rxd8+ Kxd8 38. Qxb6+ Ke8 39. Rc8+ Kf7 40. Rc7 Ke8 41.
Rxd7 Kxd7 42. Qc7+ Ke8 43. d7+ Kf7 44. d8=Q+ Kg8 45. Qcc8 Kh7 46. Qxf8 Rh6 47.
Qd7 Rg6 48. exf6 Rg4 49. Qdxg7+ Rxg7 50. Qxg7# {Black checkmated} 1-0

[Event "Team 45 45 League T62"]
[Site "Internet Chess Club"]
[Date "2014.09.12"]
[Round "3"]
[White "dabodhi"]
[Black "ILoveChess108"]
[Result "1-0"]
[WhiteElo "1308"]
[BlackElo "1278"]
[Opening "Sicilian: closed"]
[ECO "B23"]
[Time "17:00:26"]
[TimeControl "2700+45"]

1. e4 c5 2. Nc3 d6 3. f4 Nc6 4. Bc4 Nf6 5. Nf3 Bg4 6. O-O a6 7. Qe1 b5 8. Bd5
Bd7 9. d3 e6 10. Bxc6 Bxc6 11. e5 Nd7 12. Qg3 Nb6 13. Bd2 b4 14. Ne4 Bxe4 15.
dxe4 d5 16. exd5 Nxd5 17. Rad1 Nb6 18. Bxb4 Nd5 19. Be1 Qb6 20. b3 Ne3 21. Bf2
Nxf1 22. Kxf1 Rd8 23. Nd2 g6 24. Qc3 Qb4 25. Qxb4 cxb4 26. Ke2 Bh6 27. g3 Ke7
28. Bc5+ Kd7 29. Ne4+ Kc6 30. Nd6 Kxc5 31. Nb7+ Kb6 32. Nxd8 Rf8 33. Rd6+ Kc7
34. Nc6 f6 35. Rxe6 fxe5 36. Nxe5 Rc8 37. Re7+ Kd6 38. Rxh7 Rxc2+ 39. Kd3 Rc3+
40. Kd2 Bf8 41. Nxg6 Rc8 42. Rh8 Rd8 43. Rxf8 Rd7 44. Rf6+ Kc7+ 45. Kc2 Rh7 46.
h4 Kb7 47. Ne5 Rc7+ 48. Nc4 Rg7 49. Rb6+ Ka7 50. Rxb4 Rxg3 51. Ne5 Rh3 52. f5
Re3 53. Nd7 Rf3 54. f6 Rf5 55. Rd4 Rf2+ 56. Kb1 Rf1+ 57. Kc2 Rf2+ 58. Rd2 Rf4
59. Rh2 Rd4 60. Ne5 Rd5 61. f7 Rd8 62. Rf2 Rc8+ 63. Kb2 Rf8 64. Ng6 Rb8 65. f8=Q
Rxf8 66. Rxf8 Kb7 67. Rf6 a5 68. h5 Kc7 69. h6 Kd7 70. h7 Ke8 71. h8=Q+ Kd7 72.
Qh7+ Ke8 73. Rf8# {Black checkmated} 1-0

[Event "Team 45 45 League T62"]
[Site "Internet Chess Club"]
[Date "2014.09.12"]
[Round "3"]
[White "srikrish"]
[Black "Just-Jim"]
[Result "1-0"]
[WhiteElo "1157"]
[BlackElo "1284"]
[Opening "King's pawn game"]
[ECO "C50"]
[Time "17:00:23"]
[TimeControl "2700+45"]

1. e4 e5 2. Nf3 Nc6 3. Bc4 h6 4. Nc3 Nf6 5. d3 Bc5 6. O-O O-O 7. Re1 Ng4 8. h3
Nxf2 9. Qe2 Nxd3+ 10. Kh1 Nxe1 11. Qxe1 d6 12. Qg3 Qf6 13. Nd5 Qe6 14. b3 Bb6
15. Nxb6 Qe8 16. Bxh6 g6 17. Bxf8 axb6 18. Bh6 Be6 19. Bxe6 Qxe6 20. Ng5 Qe8 21.
h4 Nd4 22. Rf1 Ne2 23. Qg4 Nf4 24. g3 Qc6 25. gxf4 f5 26. Qg2 Rxa2 27. Nf3 Kh7
28. Rg1 Qe8 29. exf5 Kxh6 30. Qg5+ Kh7 31. fxg6+ Kg7 32. Qf5 e4 33. Ne1 Ra5 34.
Qh3 e3 35. h5 Qc6+ 36. Rg2 Kh8 37. h6 Ra1 38. Qc8+ Qe8 39. Qxe8# {Black
checkmated} 1-0

[Event "Team 45 45 League T62"]
[Site "Internet Chess Club"]
[Date "2014.09.11"]
[Round "3"]
[White "guyd52"]
[Black "Kandor"]
[Result "1/2-1/2"]
[WhiteElo "1341"]
[BlackElo "1291"]
[Opening "Réti: King's Indian attack (with ...c5)"]
[ECO "A08"]
[Time "19:30:10"]
[TimeControl "2700+45"]

1. Nf3 c5 2. g3 d5 3. d3 Nc6 4. Bg2 e6 5. Bf4 Qb6 6. b3 Nf6 7. O-O Be7 8. Nbd2
O-O 9. e4 dxe4 10. Nxe4 Nxe4 11. dxe4 Rd8 12. Qe2 Nd4 13. Qc4 Nxf3+ 14. Bxf3 Rd4
15. Qe2 Bd7 16. a4 Bc6 17. Be3 Rd7 18. Rfd1 Rad8 19. Rxd7 Rxd7 20. Rd1 Qc7 21.
Bf4 Rxd1+ 22. Qxd1 e5 23. Be3 a6 24. c4 Qc8 25. Qd3 Qh3 26. Qf1 Bd7 27. Qxh3
Bxh3 28. Bg2 {Game drawn by mutual agreement} 1/2-1/2

[Event "Team 45 45 League T62"]
[Site "Internet Chess Club"]
[Date "2014.09.12"]
[Round "3"]
[White "Rococo"]
[Black "Conjurer"]
[Result "0-1"]
[WhiteElo "1274"]
[BlackElo "1319"]
[Opening "Queen's pawn: London system"]
[ECO "A45"]
[Time "14:03:57"]
[TimeControl "2700+45"]

1. d4 Nf6 2. Bf4 e6 3. Nf3 d5 4. e3 Nbd7 5. Bd3 Be7 6. Nbd2 O-O 7. c3 Nh5 8. Bg3
c5 9. Qc2 g6 10. O-O-O Qa5 11. Kb1 c4 12. Be2 b5 13. e4 b4 14. Nxc4 dxc4 15.
Bxc4 bxc3 16. Qxc3 Qb6 17. b3 a5 18. Kc2 Bb7 19. Nd2 a4 20. Rb1 a3 21. f4 Nhf6
22. Qe3 Rfc8 23. Bf2 Ng4 24. Qe2 Nxf2 25. Qxf2 Nf6 26. Rhe1 Bb4 27. Kd3 Ng4 28.
Qg3 Bxd2 29. Kxd2 Qxd4+ 30. Bd3 Qc3+ 31. Ke2 Nf6 32. Rbc1 Qb2+ 33. Ke3 Rxc1 34.
Rxc1 Qxc1+ 35. Kf3 {White resigns} 0-1

[Event "Team 45 45 League T62"]
[Site "Internet Chess Club"]
[Date "2014.09.14"]
[Round "3"]
[White "WzeroMN"]
[Black "jaybird44"]
[Result "0-1"]
[WhiteElo "1090"]
[BlackElo "1179"]
[Opening "Sicilian"]
[ECO "B54"]
[Time "16:45:21"]
[TimeControl "2700+45"]

1. e4 c5 2. Nf3 d6 3. d4 cxd4 4. Nxd4 Nc6 5. Bb5 Bd7 6. Bxc6 Bxc6 7. Nxc6 bxc6
8. Nc3 Nf6 9. Be3 e5 10. Qf3 Be7 11. O-O-O O-O 12. Bg5 Rb8 13. Bxf6 Bxf6 14. Na4
Bg5+ 15. Kb1 h6 16. g3 Qa5 17. Qa3 Rb4 18. b3 Rxe4 19. h4 Be7 20. Rd3 Rb8 21. c4
Rxc4 22. Rc1 Rxa4 23. Qxa4 Qxa4 24. Ka1 Qe4 25. Rdc3 Qd4 26. Kb1 d5 27. Rxc6 Ba3
28. Rc8+ Rxc8 29. Rxc8+ Kh7 30. Rc2 Qd1+ {White resigns} 0-1

[Event "Team 45 45 League T62"]
[Site "Internet Chess Club"]
[Date "2014.09.15"]
[Round "3"]
[White "wildangels"]
[Black "theartist"]
[Result "1-0"]
[WhiteElo "1042"]
[BlackElo "1039"]
[Opening "French defense"]
[ECO "C00"]
[Time "13:40:36"]
[TimeControl "2700+45"]

1. e4 e6 2. Nf3 d5 3. d3 c5 4. Nbd2 Nf6 5. g3 Nc6 6. Bg2 Be7 7. c3 Bd7 8. O-O
O-O 9. e5 Ne8 10. Re1 Qb6 11. b3 Qa6 12. Nf1 b5 13. Bg5 Bxg5 14. Nxg5 h6 15. Nf3
b4 16. c4 d4 17. Re4 Ne7 18. Nh4 Ng6 19. Qh5 Nxh4 20. Rxh4 Kh7 21. Bxa8 Bc6 22.
Bxc6 Qxc6 23. Nd2 Qd7 24. Ne4 {Black resigns} 1-0

[Event "Team 45 45 League T62"]
[Site "Internet Chess Club"]
[Date "2014.09.13"]
[Round "3"]
[White "KingOfClubs"]
[Black "smsxman"]
[Result "1/2-1/2"]
[WhiteElo "1317"]
[BlackElo "1369"]
[Opening "Ruy Lopez: old Steinitz defense"]
[ECO "C62"]
[Time "06:00:09"]
[TimeControl "2700+45"]

1. e4 e5 2. Nf3 Nc6 3. Bb5 d6 4. c3 Bd7 5. d3 Nf6 6. Bg5 Be7 7. Nbd2 O-O 8. O-O
a6 9. Ba4 b5 10. Bc2 Bg4 11. Qe2 d5 12. Bd1 b4 13. Qe3 Bxf3 14. Nxf3 d4 15. cxd4
Ng4 16. Qd2 exd4 17. Bxe7 Qxe7 18. Nxd4 Nce5 19. Bxg4 Nxg4 20. Nf5 Qe5 21. f4
Qc5+ 22. d4 Qb6 23. h3 Nf6 24. Rfe1 c5 25. Qf2 cxd4 26. Qxd4 Qa5 27. Ne7+ Kh8
28. Nc6 Qb5 29. Rec1 a5 30. Qc4 Qb6+ 31. Kh1 Rac8 32. e5 Nh5 33. Kh2 Nxf4 34.
Qxf4 Rxc6 35. Rxc6 Qxc6 36. Rc1 Qa6 37. Re1 Qe6 38. b3 h6 39. h4 f6 40. Rf1 Kg8
41. exf6 Rxf6 42. Qb8+ Kh7 43. Rxf6 Qxf6 44. Qg3 Qb2 45. Qd3+ g6 46. Qd7+ Qg7
47. Qa4 Qc7+ 48. g3 h5 49. a3 Qc5 50. Qd7+ Kg8 51. Qe6+ Kg7 52. a4 Qc2+ 53. Kg1
Qb1+ 54. Kg2 Qc2+ 55. Kg1 Qd1+ 56. Kg2 Qc2+ 57. Kg1 Qc5+ 58. Kg2 Kh6 59. Qf7
Qc2+ 60. Kg1 Qd1+ 61. Kg2 Qe2+ 62. Kg1 Qe3+ 63. Kg2 Qe4+ 64. Kg1 Qd4+ 65. Kg2
Qe4+ 66. Kg1 Qd4+ 67. Kg2 Qe4+ 68. Kg1 Qe3+ 69. Kg2 Qe2+ 70. Kg1 Qe3+ 71. Kg2
{Game drawn by repetition} 1/2-1/2

[Event "Team 45 45 League T62"]
[Site "Internet Chess Club"]
[Date "2014.09.14"]
[Round "3"]
[White "Leon13"]
[Black "rhayder"]
[Result "1-0"]
[WhiteElo "1432"]
[BlackElo "1380"]
[Opening "two knights defense: Fegatello attack"]
[ECO "C57"]
[Time "12:21:41"]
[TimeControl "2700+45"]

1. e4 e5 2. Nf3 Nc6 3. Bc4 Nf6 4. Ng5 d5 5. exd5 Nxd5 6. Nxf7 Kxf7 7. Qf3+ Ke8
8. Bxd5 Qd7 9. Nc3 Bd6 10. d3 Rf8 11. Qd1 Qg4 12. O-O Qxd1 13. Rxd1 Ne7 14. Bb3
Bg4 15. Rf1 Rd8 16. Nb5 a6 17. Nxd6+ cxd6 18. Bg5 h6 19. Be3 Nf5 20. Bb6 Ra8 21.
f3 Bh5 22. Rae1 Bf7 23. d4 Bxb3 24. axb3 Kd7 25. dxe5 Kc6 26. Ba5 b6 27. Bc3
dxe5 28. Rxe5 Rae8 29. Rfe1 Rd8 30. Re6+ Kb7 31. g4 Nd6 32. Re7+ Kc6 33. Bxg7
Rxf3 34. Bxh6 Nb5 35. R7e6+ Rd6 36. Kg2 Rf6 37. Rxd6+ Rxd6 38. Bf4 Rd4 39. Kg3
Rb4 40. h4 Rd4 41. h5 Rd7 42. h6 Nd4 43. g5 Nxc2 44. Rc1 {Black resigns} 1-0

[Event "Team 45 45 League T62"]
[Site "Internet Chess Club"]
[Date "2014.09.14"]
[Round "3"]
[White "oldbookseller"]
[Black "stantheman59"]
[Result "1-0"]
[WhiteElo "1170"]
[BlackElo "1193"]
[Opening "Queen's pawn"]
[ECO "A40"]
[Time "15:05:28"]
[TimeControl "2700+45"]

1. d4 e6 2. Nf3 d5 3. e3 a6 4. Bd3 g6 5. Nbd2 Nc6 6. c4 dxc4 7. Nxc4 Bg7 8. O-O
Nf6 9. b3 O-O 10. Bb2 Nd5 11. Qd2 Bh6 12. Rfe1 Re8 13. Qe2 b5 14. Nce5 Nxe5 15.
Nxe5 Bb7 16. Qf3 Qf6 17. Be2 Qxf3 18. Bxf3 c6 19. Ng4 Bf8 20. e4 Nb4 21. d5 Nc2
22. Nf6+ Kg7 23. Nxe8+ Kg8 24. Nf6+ Kg7 25. Nh5+ Kh6 26. Bc1+ g5 27. Nf6 Kg6 28.
Bh5+ Kxf6 29. e5+ Kg7 30. Bxg5 Nxe1 31. Rxe1 cxd5 32. Bf6+ Kg8 33. Re3 Rc8 34.
Rg3+ Bg7 35. Rxg7+ Kf8 36. Rxf7+ Kg8 37. Rg7+ Kf8 38. Rf7+ Kg8 39. g4 d4 40.
Rxb7 h6 41. Bf7+ Kf8 42. Be7+ Kxf7 43. Bh4+ Kg6 44. Bf6 Rc2 45. Rg7# {Black
checkmated} 1-0

[Event "Team 45 45 League T62"]
[Site "Internet Chess Club"]
[Date "2014.09.10"]
[Round "3"]
[White "Bryant-L"]
[Black "GregoryViking"]
[Result "1-0"]
[WhiteElo "1673"]
[BlackElo "1581"]
[Opening "King's gambit"]
[ECO "C30"]
[Time "16:08:34"]
[TimeControl "2700+45"]

1. e4 e5 2. f4 d6 3. Nf3 Nc6 4. Bb5 Bd7 5. Nc3 exf4 6. d4 g5 7. O-O Bg7 8. h3 h5
9. Ne2 Qe7 10. Qd3 O-O-O 11. Bc4 g4 12. hxg4 hxg4 13. Nh2 Rxh2 14. Kxh2 Qh4+ 15.
Kg1 g3 16. Rxf4 Qh2+ 17. Kf1 Qh1+ 18. Ng1 Bxd4 19. Be3 Bxe3 20. Qxe3 Ne5 21.
Bxf7 Nxf7 22. Rxf7 Bb5+ 23. Ke1 Qxg2 24. Rd1 Re8 25. Rd2 Qh1 26. Rf4 g2 27. Kf2
Bf1 28. Rd5 Nf6 29. Rdf5 Nd5 30. Rxd5 Rh8 31. Rg5 Qh6 32. Qg3 Qe6 33. Qg4 Qxg4
34. Rgxg4 Rh7 35. Rxg2 Bxg2 36. Kxg2 Kd7 37. Nf3 Rg7+ 38. Kf2 Kc6 39. Rf5 Rh7
40. Ke3 Kb6 41. a4 c5 42. e5 dxe5 43. Rxe5 Rd7 44. Nd2 Kc6 45. b3 a6 46. Ne4 Rd5
47. Rxd5 Kxd5 48. c4+ Kc6 49. Nc3 Kb6 50. Kd3 Kc6 51. Nd5 Kd6 52. Ke4 Ke6 53.
Nf4+ Kd6 54. Kf5 Kc6 55. Ke6 b5 56. axb5+ axb5 57. Nd3 Kb6 58. Kd6 b4 59. Nxc5
Ka5 60. Na4 Ka6 61. c5 Kb5 62. c6 Ka6 63. c7 Kb5 64. c8=Q {Black resigns} 1-0